 Dungeon Crawl Stone Soup version 0.29.0-4-gdea44cf6ec (webtiles) character file.

Game seed: 4298592216868485145

151 qw the Sneak (level 5, -1/32 HPs)
             Began as a Gargoyle Delver on Sept 10, 2022.
             Slain by Terence
             ... wielding a +3 vorpal flail
              (9 damage)
             ... on level 2 of the Dungeon.
             The game lasted 00:00:55 (2099 turns).

qw the Sneak (Gargoyle Delver)                      Turns: 2099, Time: 00:00:56

Health: -1/32      AC:  0    Str: 17    XL:     5   Next: 33%
Magic:  5/5        EV: 18    Int: 11    God:
Gold:   107        SH:  0    Dex: 16    Spells: 4/4 levels left

rFire   . . .      SeeInvis .   (weapon currently unavailable)
rCold   . . .      Faith    .   (shield currently unavailable)
rNeg    + . .      Spirit   .   (body armour currently unavailable)
rPois   inf        Reflect  .   (helmet currently unavailable)
rElec   .          Harm     .   (cloak currently unavailable)
rCorr   .          Rampage  .   (gloves currently unavailable)
Will    .....                   (boots currently unavailable)
Stlth   +++.......              (no amulet)
HPRegen 0.10/turn               (ring currently unavailable)
MPRegen 0.09/turn               (ring currently unavailable)

@: bat-form, flying, very quick
A: fast, flying, no casting, sickness immunity, AC +4, tiny, negative energy
resistance 1, (electricity resistance), torment resistance 1, petrification
resistance
a: no special abilities


You were on level 2 of the Dungeon.
You were a bat.
You visited 1 branch of the dungeon, and saw 5 of its levels.

You collected 107 gold pieces.


Innate Abilities, Weirdness & Mutations

You are a bat.
You are tiny and dextrous.
You move quickly.
You are flying.
Your equipment is almost entirely melded.
You are incapable of wielding weapons or throwing items.
You cannot cast spells.
You are immune to sickness and miasma.
((Your stone body is resilient. (AC +4)))
You are immune to poison.
You resist negative energy. (rN+)
((You are resistant to electric shocks. (rElec)))
You are resistant to unholy torment.
You are immune to petrification.


   Skills:
 - Level 3.2 Fighting
 + Level 4.4 Axes
 - Level 2.1 Armour
 - Level 1.5 Dodging
 - Level 5.4 Stealth


You had 4 spell levels left.
You didn't know any spells.
Your spell library was empty.

Inventory:

Hand Weapons
 k - a +0 whip
 Y - a +0 hand axe (melded)
Armour
 e - a +0 chain mail (melded)
 i - a +0 helmet (melded)
Wands
 g - a wand of digging (3)
Scrolls
 b - a scroll of identify
 m - a scroll of blinking {unknown}
Potions
 a - a potion of ambrosia {unknown}
 c - 2 potions of flight {unknown}
 d - a potion of cancellation {unknown}
 f - 2 potions of haste
 h - a potion of might {unknown}
 j - a potion of mutation {unknown}
 l - a potion of lignification {unknown}

Dungeon Overview and Level Annotations

Branches:
Dungeon (5/15)
 Temple: D:4-7

Altars:
Yredelemnul

Annotations:
D:2 Terence


Message History

Terence is lightly wounded.
Terence hits you with a +3 vorpal flail.
You barely miss Terence.
Terence is lightly wounded.
Terence says, "Time to say good-bye..."
Terence zaps a wand.
You resist with some effort.
You hit Terence.
Terence is moderately wounded.
Terence barely misses you.
You hit Terence.
Terence is moderately wounded.
Terence closely misses you.
You closely miss Terence.
Terence is moderately wounded.
Terence zaps a wand.
You resist with some effort.
You hit Terence but do no damage.
Terence is moderately wounded.
Terence hits you with a +3 vorpal flail.
You hit Terence.
Terence is moderately wounded.
Terence hits you but does no damage.
You hit Terence but do no damage.
Terence is moderately wounded.
Terence barely misses you.
You hit Terence but do no damage.
Terence is moderately wounded.
Terence zaps a wand.
You turn into a bat.
Your +0 hand axe melds into your body.
Your +0 helmet melds into your body.
Your +0 chain mail melds into your body.
You hit Terence but do no damage.
Terence is moderately wounded.
Terence says, "Did you write a will?
You should..."
Terence misses you.
You hit Terence.
Terence is heavily wounded.
Terence hits you with a +3 vorpal flail!
You hit Terence but do no damage.
Terence is heavily wounded.
Terence hits you with a +3 vorpal flail!
You die...

###########
#.b.......#
#@#######.# #.
#.....# #.
#.##### #. #.#
#. #.# ###. #.#
###### #.#. #.#
.....########.#
#.#


You could see Terence.

Vanquished Creatures
  Jessica (D:2)
  Natasha (D:1)
  5 adders
  A gnoll (D:1)
  A worm (D:2)
  A dart slug (D:1)
  4 endoplasms
  8 giant cockroaches
  3 goblins (D:2)
  2 hobgoblins
  A kobold (D:1)
  2 quokkas (D:2)
  4 ball pythons (D:1)
  4 bats
  2 frilled lizards
  A rat (D:1)
41 creatures vanquished.

Notes
Turn   | Place    | Note
-------+----------+-------------------------------------------
     0 | D:5      | qw the Gargoyle Delver began the quest for the Orb.
     0 | D:5      | Reached XP level 1. HP: 14/14 MP: 1/1
     0 | D:5      | 0 ||| qw: Version: 0.1-a-116-g5d60599
     0 | D:5      | 0 ||| qw: Game counter: 8563
     0 | D:5      | 0 ||| qw: Always use a shield: true
     0 | D:5      | 0 ||| qw: God list: Okawaru
     0 | D:5      | 0 ||| qw: Allow faded altars: false
     0 | D:5      | 0 ||| qw: Do Orc after D:15 true
     0 | D:5      | 0 ||| qw: Do second Lair branch before Depths: true
     0 | D:5      | 0 ||| qw: Lair rune preference: random
     0 | D:5      | 0 ||| qw: Plans: Normal
     0 | D:5      | 0 ||| PLANNING D:1-11
     0 | D:5      | 0 ||| DROPPING scroll of fog.
     1 | D:5      | 1 ||| DROPPING scroll of magic mapping.
     2 | D:5      | 2 ||| DROPPING scroll of fear.
     8 | D:4      | Found a basalt altar of Yredelemnul.
    13 | D:4      | 13 ||| Stepping ~*~*~tactically~*~*~ (stealth).
    14 | D:4      | 14 ||| Stepping ~*~*~tactically~*~*~ (stealth).
    17 | D:4      | 17 ||| Stepping ~*~*~tactically~*~*~ (stealth).
    18 | D:4      | 18 ||| Stepping ~*~*~tactically~*~*~ (stealth).
    46 | D:4      | 46 ||| Stepping ~*~*~tactically~*~*~ (stealth).
    47 | D:4      | 47 ||| Stepping ~*~*~tactically~*~*~ (stealth).
    48 | D:4      | 48 ||| Stepping ~*~*~tactically~*~*~ (stealth).
    49 | D:4      | 49 ||| Stepping ~*~*~tactically~*~*~ (stealth).
    99 | D:4      | 99 ||| Stepping ~*~*~tactically~*~*~ (stealth).
   255 | D:4      | 255 ||| Stepping ~*~*~tactically~*~*~ (stealth).
   257 | D:4      | 257 ||| Stepping ~*~*~tactically~*~*~ (stealth).
   259 | D:4      | 259 ||| Stepping ~*~*~tactically~*~*~ (stealth).
   261 | D:4      | 261 ||| Stepping ~*~*~tactically~*~*~ (stealth).
   265 | D:4      | 265 ||| Stepping ~*~*~tactically~*~*~ (stealth).
   270 | D:4      | Reached XP level 2. HP: 19/19 MP: 2/2
   288 | D:3      | Reached skill level 3 in Axes
   288 | D:3      | Reached XP level 3. HP: 19/23 MP: 3/3
   458 | D:2      | 458 ||| Stepping ~*~*~tactically~*~*~ (hiding).
   560 | D:2      | 560 ||| Stepping ~*~*~tactically~*~*~ (hiding).
   662 | D:2      | 662 ||| Stepping ~*~*~tactically~*~*~ (hiding).
   663 | D:2      | 663 ||| Stepping ~*~*~tactically~*~*~ (hiding).
   749 | D:2      | 749 ||| READING scroll labelled BESOHUXZIC.
   775 | D:2      | 775 ||| READING scroll labelled ABOROE KEID.
   865 | D:2      | 865 ||| UPGRADING to +0 chain mail.
   875 | D:2      | 875 ||| DROPPING +0 leather armour.
   876 | D:2      | 876 ||| READING scroll labelled TAUDAMPEZXE.
   877 | D:2      | 877 ||| READING scroll labelled GAOG GULLAN.
   881 | D:2      | Noticed Jessica
   891 | D:2      | Killed Jessica
   892 | D:2      | Reached skill level 1 in Armour
   892 | D:2      | Reached XP level 4. HP: 26/28 MP: 4/4
  1443 | D:1      | 1443 ||| DROPPING +0 club.
  1709 | D:1      | 1709 ||| UPGRADING to +0 helmet.
  1757 | D:2      | Noticed Natasha
  1758 | D:2      | 1758 ||| STAIRDANCE
  1771 | D:1      | Killed Natasha
  1772 | D:1      | Reached XP level 5. HP: 27/32 MP: 5/5
  1816 | D:2      | 1816 ||| STAIRDANCE
  2081 | D:2      | Noticed Terence
  2082 | D:2      | 2082 ||| Stepping ~*~*~tactically~*~*~ (hiding).
  2098 | D:2      | HP: 8/32 [Terence/+3 vorpal flail (4)]
  2099 | D:2      | Slain by Terence

Levels and vault maps discovered:
D:1:      dpeg_arrival_oval, layout_basic
D:2:      minmay_chambers_of_twos, layout_basic, minmay_octomino_j4,
          uniq_terence, uniq_jessica, uniq_natasha
D:3:      minmay_angry_zag, layout_basic, kennysheep_generic_room_16,
          uniq_crazy_yiuf_cottage
D:4:      layout_rooms, mainiacjoe_overflow_catwalk_spiral
D:5:      layout_rooms, amethyst_killhole

Skill      XL: |  1  2  3  4  5 |
---------------+----------------+-----
Axes           | 2 3 4 |  4.4
Armour         | 1 2 |  2.1
Fighting       | |  3.2
Dodging        | |  1.5
Stealth        | |  5.4

Action                   |  1- 3 |  4- 6 || total
-------------------------+-------+-------++-------
Melee: Hand axe          |    91 |    99 ||   190
       Punch             |     2 |       ||     2
       Unarmed           |       |     3 ||     3
  Use: Scroll            |     4 |       ||     4
Armor: Leather armour    |    33 |       ||    33
       Chain mail        |     3 |    56 ||    59
Dodge: Dodged            |    72 |    43 ||   115

Table legend:
 A = Non-vault XP
 B = Vault XP
 C = Vault XP percentage of total XP
 D = Non-vault monster count
 E = Vault monster count
 F = Vault count percentage of total count
                 A         B        C        D         E       F
            +---------+---------+-------+---------+---------+-------
      Total |     145 |      72 |  33.2 |      39 |       2 |   4.9
            +---------+---------+-------+---------+---------+-------
        D:1 |      39 |      35 |  47.3 |      15 |       1 |   6.2
        D:2 |      72 |      37 |  33.9 |      19 |       1 |   5.0
        D:3 |      14 |       0 |   0.0 |       1 |       0 |   0.0
        D:4 |      20 |       0 |   0.0 |       4 |       0 |   0.0
            +---------+---------+-------+---------+---------+-------
